 Dungeon Crawl Stone Soup version 0.31-a0-788-ga445dbd2db (webtiles) character file.

Game seed: 6729791189439653789

529 Conn the Sneak (level 7, -2/41 HPs)
             Began as an Octopode Fire Elementalist on Sept 18, 2023.
             Slain by a scorpion (7 damage)
             ... on level 5 of the Dungeon.
             The game lasted 00:10:46 (3985 turns).

Conn the Sneak (Octopode Fire Elementalist)         Turns: 3985, Time: 00:10:47

Health: -2/41      AC:  1    Str:  7    XL:     7   Next: 24%
Magic:  12/12      EV: 14    Int: 19    God:
Gold:   238        SH:  0    Dex: 13    Spells: 3/13 levels left

rFire   . . .        k - +4 quarterstaff (chaos)
rCold   . . .        (shield currently unavailable)
rNeg    . . .        (helmet restricted)
rPois   .            m - amulet of faith
rElec   .            (no ring)
rCorr   .            (no ring)
SInv    .            (no ring)
Will    .....        (no ring)
Stlth   ++           (no ring)
HPRegen 0.26/turn    (no ring)
MPRegen 0.13/turn    (no ring)
                     (no ring)

%: faith
@: confused, lethally poisoned (-2 -> -19), ambrosia-drunk
A: almost no armour, amphibious, 8 rings, camouflage 1, gelatinous body 1,
(nimble swimmer 1), tentacles
a: no special abilities


You were on level 5 of the Dungeon.
You visited 1 branch of the dungeon, and saw 5 of its levels.

You collected 238 gold pieces.

Inventory:

Hand Weapons
 b - a +0 short sword
 k - a +4 quarterstaff of chaos (weapon)
Missiles
 r - 5 poisoned darts
Jewellery
 m - an amulet of faith (around mantle)
Wands
 p - a wand of mindburst (8)
Scrolls
 e - a scroll of amnesia
 g - 2 scrolls of fear
 i - a scroll of torment
 s - a scroll of teleportation
 v - a scroll of poison {unknown}
Potions
 a - 3 potions of magic
 d - a potion of haste
 f - 3 potions of curing
 h - a potion of heal wounds
 j - a potion of degeneration
 l - 2 potions of lignification
 n - a potion of attraction {unknown}
 o - a potion of cancellation {unknown}
 q - a potion of berserk rage {unknown}
 t - a potion of mutation {unknown}
 u - a potion of brilliance {unknown}


   Skills:
 + Level 3.3 Dodging
 + Level 4.9 Stealth
 * Level 3.8 Spellcasting
 * Level 3.5 Conjurations
 + Level 1.9 Hexes
 + Level 4.0 Fire Magic


You had 3 spell levels left.
You knew the following spells:

 Your Spells              Type           Power      Damage    Failure   Level
a - Foxfire               Conj/Fire      72%        2x1d7     3%          1
b - Scorch                Fire           38%        2d6       4%          2
c - Inner Flame           Hex/Fire       15%        N/A       12%         3
d - Flame Wave            Conj/Fire      18%        2d7       28%         4

Your spell library contained the following spells:

 Spells                   Type           Power      Damage    Failure   Level
 Ensorcelled Hibernation  Hex/Ice        14%        N/A       14%         2
 Volatile Blastmotes      Fire/Tloc      22%        2d11      19%         3
 Passwall                 Tmut/Erth      2%         N/A       22%         2
 Swiftness                Air            3%         N/A       38%         3
 Yara's Violent Unravell  Hex/Tmut       3%         3d4       95%         5
 Enfeeble                 Hex            5%         N/A       100%        7


Dungeon Overview and Level Annotations

Branches:
Dungeon (5/15)
 Temple: D:4-7

Altars:
Uskayaw

Annotations:
D:5 Pikel


Innate Abilities, Weirdness & Mutations

You cannot wear most types of armour.
You are amphibious.
You can wear up to eight rings at the same time.
Your skin changes colour to match your surroundings (Stealth+).
Your rubbery body absorbs attacks. (AC +1, EV +1)
((You are camouflaged when in or above water. (Stealth+)))
You have tentacles for arms and can constrict up to eight enemies at once.


Message History

You feel sick.
You are no longer poisoned.
Pikel says, "You'll feel the lick of my whip!"
Casting: Inner Flame (dangerous; 12% risk of failure)
Confirm with . or Enter, or press ? or * to list all spells.
Flames lash the scorpion but do no damage.
The scorpion closely misses you.
Casting: Scorch (safe; 4% risk of failure)
Confirm with . or Enter, or press ? or * to list all spells.
Flames lash the scorpion.
The scorpion is moderately wounded.
The scorpion's fire resistance burns away.
The scorpion misses you.
You are confused.
You feel invigorated. The scorpion stings you!
Unknown command.
Unknown command.
Unknown command.
You bump into the rock wall.
The scorpion stings you.
You bump into the rock wall.
The scorpion stings you.
You are poisoned.
The scorpion poisons you! The scorpion stings you.
You are lethally poisoned!
The scorpion poisons you!
Found 11 gold pieces.
You feel very sick. The scorpion attacks as it pursues you!
The scorpion stings you.
* * * LOW HITPOINT WARNING * * *
You are more poisoned.
The scorpion poisons you!
Found 8 stones.
* * * LOW HITPOINT WARNING * * *
You feel very sick.
The scorpion is no longer more vulnerable to fire.
You bump into the rock wall.
* * * LOW HITPOINT WARNING * * *
You feel very sick.
A lemure comes into view.
The scorpion stings you!
You die...

...# #...#.# ##
###.###.....#
#.........##
.#####........# #
..............#
##(#
..............#
$................##
#..######.....##
#...@s.K5.#..##
#.#######..5##
##.## #.# #.# #.#
#K# ########5##
..5K..†...#


You could see Pikel, 2 lemures and a scorpion.

Vanquished Creatures
  2 ogres
  A scorpion (D:5)
  An orc priest (D:4)
  Crazy Yiuf (D:2)
  An iguana (D:5)
  2 orc wizards
  Robin (D:2)
  4 adders
  A white imp (D:4)
  An ufetubus (D:5)
  4 worms
  3 dart slugs
  7 orcs
  5 endoplasms
  3 giant cockroaches
  7 hobgoblins
  10 jackals
  A quokka (D:1)
  3 ball pythons
  5 bats
  5 frilled lizards
  12 goblins
  9 kobolds
  2 rats
91 creatures vanquished.

Vanquished Creatures (others)
  121 foxfires
121 creatures vanquished.

Grand Total: 212 creatures vanquished

Notes
Turn   | Place    | Note
-------+----------+-------------------------------------------
     0 | D:1      | Conn the Octopode Fire Elementalist began the quest for the
                  | Orb.
     0 | D:1      | Reached XP level 1. HP: 11/11 MP: 3/3
   115 | D:1      | Reached XP level 2. HP: 17/17 MP: 0/5
   524 | D:1      | Reached XP level 3. HP: 21/21 MP: 2/6
   617 | D:1      | Learned a level 2 spell: Scorch
  1212 | D:2      | Noticed Robin
  1272 | D:1      | Learned a level 3 spell: Inner Flame
  1469 | D:2      | Reached XP level 4. HP: 22/27 MP: 2/7
  1549 | D:2      | Found a runed translucent door.
  1550 | D:2      | Noticed Crazy Yiuf
  1772 | D:2      | Killed Robin
  1865 | D:2      | Killed Crazy Yiuf
  1866 | D:2      | Reached XP level 5. HP: 31/31 MP: 1/9
  2533 | D:3      | Found a hide-covered altar of Uskayaw.
  2627 | D:4      | Reached skill level 1 in Hexes
  2724 | D:4      | Noticed an ogre
  2745 | D:4      | Killed an ogre
  2746 | D:4      | Reached XP level 6. HP: 25/36 MP: 2/10
  3098 | D:3      | Learned a level 4 spell: Flame Wave
  3528 | D:5      | Entered Level 5 of the Dungeon
  3622 | D:5      | Reached XP level 7. HP: 38/41 MP: 3/12
  3964 | D:5      | Noticed Pikel
  3985 | D:5      | Slain by a scorpion

Illustrated notes

Levels and vault maps discovered:
D:1:      shiori_shiawase, layout_basic
D:2:      layout_basic, minmay_box_of_dots, uniq_robin, uniq_crazy_yiuf_cottage
D:3:      layout_rooms, nicolae_uskayaw_suspiria
D:4:      layout_loops_ring
D:5:      layout_loops_ring, uniq_pikel

Skill      XL: |  1  2  3  4  5  6 |
---------------+-------------------+-----
Stealth        | 3 4 |  4.9
Conjurations   | 2 3 |  3.5
Hexes          | 1 |  1.9
Dodging        | 3 |  3.3
Spellcasting   | 3 |  3.8
Fire Magic     | 4 |  4.0

Action                     |  1- 3 |  4- 6 |  7- 9 || total
---------------------------+-------+-------+-------++-------
  Melee: Unarmed           |     6 |       |       ||     6
         Constrict         |    15 |     7 |     3 ||    25
         Tentacles         |    11 |     6 |     2 ||    19
         Short sword       |    49 |     9 |       ||    58
         Punch             |     1 |     1 |       ||     2
         Quarterstaff      |       |    15 |     8 ||    23
   Cast: Foxfire           |    25 |    43 |     7 ||    75
         Scorch            |     6 |    24 |     4 ||    34
         Inner Flame       |       |     1 |     1 ||     2
    Use: Scroll            |       |     9 |       ||     9
         Potion            |       |     1 |     1 ||     2
   Stab: Sleeping          |    11 |     1 |       ||    12
 Armour: Skin              |    31 |    18 |    12 ||    61
  Dodge: Dodged            |    28 |    28 |    10 ||    66

Table legend: (Time is in decaauts)
 A = Elapsed time spent in this place.
 B = Non-inter-level travel time spent in this place.
 C = Inter-level travel time spent in this place.
 D = Time resting spent in this place.
 E = Time spent auto-exploring this place.
 F = Levels seen in this place.
 G = Mean time per level.
                   A        B        C        D        E       F      G
               +--------+--------+--------+--------+--------+-----+--------+
         Total |   3991 |   3948 |     43 |    141 |   2649 |   5 |  798.2 |
       Dungeon |   3991 |   3948 |     43 |    141 |   2649 |   5 |  798.2 |
               +--------+--------+--------+--------+--------+-----+--------+

Top non-repeatable levels by time:
     D:2: 1076 daAuts
     D:1: 901 daAuts
     D:4: 858 daAuts
     D:3: 696 daAuts
     D:5: 459 daAuts
